 Dungeon Crawl Stone Soup version 0.26-a0-812-g31a745ddcd (webtiles) character file.

Game seed: 3949714661919377072

9 Dracia the Vexing (level 2, 0/21 HPs)
             Began as a Demonspawn Arcane Marksman on Dec 3, 2020.
             Slain by a jackal (1 damage)
             ... on level 1 of the Dungeon.
             The game lasted 00:01:28 (705 turns).

Dracia the Vexing (Demonspawn Arcane Marksman)       Turns: 705, Time: 00:01:28

Health: 0/21       AC:  2    Str: 10    XL:     2   Next: 3%
Magic:  2/3        EV: 12    Int: 14    God:
Gold:   32         SH:  0    Dex: 19    Spells: 2/3 levels left

rFire    . . .     SeeInvis .   j - -2 whip (curse)
rCold    . . .     Faith    .   (no shield)
rNeg     . . .     Spirit   .   e - +0 robe
rPois    .         Reflect  .   (no helmet)
rElec    .         Harm     .   (no cloak)
rCorr    .         Rampage  .   (no gloves)
MR       .....                  (no boots)
Stlth    ++........             (no amulet)
HPRegen  0.07/turn              g - +6 ring of dexterity
MPRegen  0.08/turn              (no ring)

@: no status effects
A: rot immunity
a: no special abilities


You were on level 1 of the Dungeon.
You visited 1 branch of the dungeon, and saw 1 of its levels.

You collected 32 gold pieces.


Innate Abilities, Weirdness & Mutations

You are immune to rotting.


   Skills:
 - Level 1.0 Fighting
 * Level 2.3 Crossbows
 - Level 1.7 Dodging
 - Level 1.0 Spellcasting
 + Level 3.2 Hexes


You had 2 spell levels left.
You knew the following spells:

 Your Spells              Type           Power        Failure   Level
a - Corona                Hex            #......      7%          1

Your spell library contained the following spells:

 Spells                   Type           Power        Failure   Level
 Slow                     Hex            #.......     11%         2
 Inner Flame              Hex/Fire       #.......     38%         3
 Portal Projectile        Hex/Tloc       #.....       38%         3
 Cause Fear               Hex            #.........   56%         4
 Leda's Liquefaction      Hex/Erth       #.........   80%         4

Inventory:

Hand Weapons
 a - a +0 hand crossbow
 b - a +2 dagger of pain
 i - a +0 mace
 j - a cursed -2 whip (weapon)
Missiles
 d - 20 bolts
 h - 10 poisoned darts (quivered)
Armour
 e - a +0 robe (worn)
Jewellery
 g - a +6 ring of dexterity (left hand)
Scrolls
 c - a scroll of remove curse {unknown}

Dungeon Overview and Level Annotations

Branches:
Dungeon (1/15)

Altars:

#
####...###.
.#
........[
.# $...$..
.# .....
... #...#
#### #...#
#?..#
##.########
#..h@....#
########.#
#.# #.# #.#
####.#
#....#
#.#### #.#


You could see a jackal.


Message History

The jackal is heavily wounded.
The jackal bites you but does no damage.
The jackal barely misses you.
You hit the jackal.
You kill the jackal!
You have reached level 2!
Your demonic ancestry asserts itself...
You feel immune to rotting.
You closely miss the jackal. The jackal bites you.
* * * LOW HITPOINT WARNING * * *
The jackal bites you.
* * * LOW HITPOINT WARNING * * *
You barely miss the jackal. The jackal completely misses you.
You hit the jackal but do no damage. The jackal misses you.
The jackal bites you but does no damage.
You hit the jackal but do no damage. The jackal closely misses you.
You hit the jackal but do no damage. The jackal closely misses you. x2
You barely miss the jackal. The jackal closely misses you.
The jackal completely misses you.
You closely miss the jackal. The jackal bites you.
* * * LOW HITPOINT WARNING * * *
You closely miss the jackal. The jackal completely misses you.
The jackal bites you but does no damage.
You barely miss the jackal.
The jackal bites you but does no damage.
You closely miss the jackal. The jackal barely misses you.
The jackal bites you.
* * * LOW HITPOINT WARNING * * *
You hit the jackal but do no damage. The jackal bites you.
You die...

Skill      XL: |  1 |
---------------+----+-----
Crossbows      | 2 |  2.3
Fighting       | |  1.0
Dodging        | |  1.7
Spellcasting   | |  1.0
Hexes          | |  3.2

Action                   || total
-------------------------++-------
Melee: Whip              ||    59
 Fire: Hand crossbow     ||     2
 Cast: Corona            ||     1
  Use: Scroll            ||     2
Armor: Robe              ||    11
Dodge: Dodged            ||    52

Levels and vault maps discovered:
D:1:      dpeg_arrival_brainrot, layout_loops_ring

Notes
Turn   | Place    | Note
-------+----------+-------------------------------------------
     0 | D:1      | Dracia the Demonspawn Arcane Marksman began the quest for
                  | the Orb.
     0 | D:1      | Reached XP level 1. HP: 15/15 MP: 2/2
   184 | D:1      | Reached skill level 2 in Crossbows
   694 | D:1      | Gained mutation: You are immune to rotting. [demonic
                  | ancestry]
   694 | D:1      | Reached XP level 2. HP: 11/21 MP: 1/3
   704 | D:1      | HP: 1/21 [jackal (3)]
   705 | D:1      | Slain by a jackal

Vanquished Creatures
  A hobgoblin (D:1)
  2 jackals (D:1)
  A bat (D:1)
  2 frilled lizards (D:1)
  2 kobolds (D:1)
  2 rats (D:1)
10 creatures vanquished.

Table legend: (Time is in decaauts)
 A = Elapsed time spent in this place.
 B = Non-inter-level travel time spent in this place.
 C = Inter-level travel time spent in this place.
 D = Time resting spent in this place.
 E = Time spent auto-exploring this place.
 F = Levels seen in this place.
 G = Mean time per level.
                   A        B        C        D        E       F      G
               +--------+--------+--------+--------+--------+-----+--------+
         Total |    708 |    697 |     11 |    369 |    213 |   1 |  708.0 |
       Dungeon |    708 |    697 |     11 |    369 |    213 |   1 |  708.0 |
               +--------+--------+--------+--------+--------+-----+--------+

Top non-repeatable levels by time:
     D:1: 708 daAuts

Table legend:
 A = Non-vault XP
 B = Vault XP
 C = Vault XP percentage of total XP
 D = Non-vault monster count
 E = Vault monster count
 F = Vault count percentage of total count
                 A         B        C        D         E       F
            +---------+---------+-------+---------+---------+-------
      Total |      13 |       0 |   0.0 |      10 |       0 |   0.0
            +---------+---------+-------+---------+---------+-------
        D:1 |      13 |       0 |   0.0 |      10 |       0 |   0.0
            +---------+---------+-------+---------+---------+-------
